 Dungeon Crawl Stone Soup version 0.23-a0-741-g38971ea054 (webtiles) character file.

19147 Infinimo the Fencer (level 12, -3/116 HPs)
             Began as a Minotaur Gladiator on Jan 18, 2019.
             Was the Champion of Okawaru.
             Slain by an eight-headed hydra (10 damage)
             ... on level 2 of the Lair of Beasts.
             The game lasted 00:20:29 (14235 turns).

Infinimo the Fencer (Minotaur Gladiator)           Turns: 14235, Time: 00:20:29

Health: -3/116     AC: 16    Str: 21    XL:     12   Next: 34%
Magic:  13/13      EV:  7    Int:  6    God:    Okawaru [******]
Gold:   783        SH:  0    Dex: 14    Spells: 11/11 levels left

rFire    + . .     SeeInvis .   E - +1 long sword
rCold    . . .     Gourm    .   (no shield)
rNeg     . . .     Faith    .   t - +0 plate armour
rPois    .         Spirit   .   o - +2 hat {MR+}
rElec    .         Reflect  .   s - +2 cloak {MR+}
rCorr    .         Harm     .   (no gloves)
MR       ++...                  x - +0 pair of boots
Stlth    ..........             (no amulet)
HPRegen  0.29/turn              m - +3 ring of slaying
MPRegen  0.13/turn              u - ring of protection from fire

@: lethally poisoned (-3 -> -10), about to teleport, marked
A: retaliatory headbutt, horns 2
a: Heroism, Finesse, Renounce Religion


You were on level 2 of the Lair of Beasts.
You worshipped Okawaru.
Okawaru was exalted by your worship.
You were hungry.

You visited 3 branches of the dungeon, and saw 15 of its levels.

You collected 965 gold pieces.
You spent 182 gold pieces at shops.

Inventory:

Hand Weapons
 E - a +1 long sword (weapon)
Missiles
 d - 4 throwing nets (quivered)
Armour
 o - a +2 hat of magic resistance (worn)
 s - a +2 cloak of magic resistance (worn)
 t - a +0 plate armour (worn)
 x - a +0 pair of boots (worn)
Jewellery
 g - an uncursed ring of resist corrosion
 m - a +3 ring of slaying (left hand)
 n - an uncursed ring of positive energy {unknown}
 u - a ring of protection from fire (right hand)
Wands
 p - a wand of clouds (14)
 D - a wand of acid (17)
Scrolls
 a - 2 scrolls of blinking
 b - a scroll of enchant armour
 h - 9 scrolls of remove curse
 i - 2 scrolls of fog
 k - 7 scrolls of identify
 l - 2 scrolls of magic mapping
 q - 5 scrolls of teleportation
 y - 2 scrolls of fear
Potions
 c - a potion of magic
 e - 2 potions of flight
 j - 2 potions of agility
 r - 5 potions of curing
 v - a potion of berserk rage
 z - 2 potions of might
 C - a potion of ambrosia
Comestibles
 f - 29 rations


   Skills:
 + Level 13.6 Fighting
 * Level 18.4 Long Blades
 - Level 2.0 Throwing
 - Level 3.2 Dodging
 + Level 3.5 Invocations


You had 11 spell levels left.
You didn't know any spells.
Your spell library contained the following spells:

 Spells                   Type           Power        Failure   Level  Hunger
 Infusion                 Chrm           #...         100%        1    ##.....
 Shroud of Golubria       Chrm/Tloc      #.........   100%        2    ###....
 Song of Slaying          Chrm           #.......     100%        2    ###....
 Regeneration             Chrm/Necr      #.........   100%        3    ####...
 Spectral Weapon          Hex/Chrm       #.......     100%        3    ####...


Dungeon Overview and Level Annotations

Branches:
Dungeon (11/15)            Temple (1/1) D:6            Lair (3/6) D:10
    Orc (0/2) D:9
  Swamp: Lair:2-4    Shoals: Lair:2-4     Snake: Lair:2-4    Spider: Lair:2-4

Altars:
Ashenzari
Cheibriados
Dithmenos
Elyvilon
Fedhas
Gozag
Hepliaklqana
Kikubaaqudgha
Makhleb
Nemelex Xobeh
Okawaru
Qazlal
Ru
Sif Muna
Trog
Uskayaw
Vehumet
Wu Jian
Xom
Yredelemnul
Zin
The Shining One

Shops:
D:4 *   D:5 (([:*   D:10 }


Innate Abilities, Weirdness & Mutations

You reflexively headbutt those who attack you in melee.
You have a pair of horns on your head.


Message History

You resist with almost no effort.
You climb upwards.
You feel sick. The eight-headed hydra bites you. x3
There is a stone staircase leading down here.
As you read the scroll of teleportation, it crumbles to dust.
You feel strangely unstable.
You feel sick. The eight-headed hydra bites you!
The eight-headed hydra bites you. x2; The yak gores you.
You kill the yak!
Okawaru accepts your kill.
You feel sick. The eight-headed hydra bites you. x3
* * * LOW HITPOINT WARNING * * *
You feel sick. The yak gores you!
* * * LOW HITPOINT WARNING * * *
The eight-headed hydra bites you!
* * * LOW HITPOINT WARNING * * *
The eight-headed hydra bites you!
* * * LOW HITPOINT WARNING * * *
The eight-headed hydra bites you.
* * * LOW HITPOINT WARNING * * *
The eight-headed hydra bites you!
You die...

##...<....#..........
#..#.#.....#.....#..
##.[......P.......#.#
#P....#...#.#.#.....#
###....#.....#.......
#..........#...#)....
#..♣...♣.....#...
#.♣.P.P.♣..P...P...
#..P♣@♣............
#...YSD......#.....#
#..P♣.♣P...P.#...#.#
#.♣.P..P♣....#.....#..
#..♣...♣.........#.#..
#............#...P....
#.P..P................
###........#.#........
#..P..#...#..........


You could see an eight-headed hydra, a yak and a water moccasin.

Vanquished Creatures
  Gastronok (D:9)
  An ogre mage (D:11)
  A death knight (D:11)
  2 two-headed ogres
  Nergalle (D:10)
  4 ugly things
  3 cyclopes (D:11)
  3 spiny frogs (Lair:1)
  A komodo dragon (D:11)
  Grinder (D:6)
  Prince Ribbit (D:7)
  5 hippogriffs
  A vampire (D:9)
  2 yaks
  Grum (D:10)
  Menkaure (D:6)
  3 wargs
  6 water moccasins
  11 porcupines
  An eye of draining (D:10)
  A black bear (D:7)
  A sky beast (D:7)
  6 ogres
  4 orc warriors
  A phantom (D:5)
  A necrophage (D:10)
  12 wolves
  3 centaurs
  2 crocodiles
  6 bullfrogs
  A big kobold (D:4)
  A water moccasin zombie (D:7)
  4 scorpions
  5 killer bees
  8 wights
  5 howler monkeys
  10 crimson imps
  3 centaur zombies
  A quasit (D:5)
  A bullfrog zombie (D:11)
  A centaur skeleton (D:11)
  2 bullfrog skeletons
  2 gnoll shamans (D:6)
  7 hounds
  9 jellies
  4 orc priests
  3 iguanas
  6 orc wizards
  9 worker ants
  A hound skeleton (D:9)
  A worker ant zombie (D:11)
  12 gnolls
  10 adders
  2 shadow imps
  6 oozes
  2 adder skeletons
  An adder zombie (D:6)
  2 worms
  A dart slug (D:1)
  6 leopard geckos
  28 orcs
  2 ball pythons
  9 giant cockroaches
  9 goblins
  5 hobgoblins
  3 jackals (D:10)
  5 kobolds
  6 quokkas
  A ball python skeleton (D:4)
  3 bats
  2 frilled lizards
  A goblin skeleton (D:5)
  A hobgoblin zombie (D:5)
  A jackal skeleton (D:5)
  A kobold skeleton (D:5)
  2 kobold zombies (D:5)
  2 orc zombies (D:5)
  2 quokka skeletons
  A quokka zombie (D:5)
  8 rats
  A fungus (D:10)
306 creatures vanquished.

Vanquished Creatures (others)
  4 fungi (D:10)
  2 plants
6 creatures vanquished.

Grand Total: 312 creatures vanquished

Notes
Turn   | Place    | Note
-------+----------+-------------------------------------------
     0 | D:1      | Infinimo the Minotaur Gladiator began the quest for the
                  | Orb.
     0 | D:1      | Reached XP level 1. HP: 18/18 MP: 0/0
   145 | D:1      | Reached skill level 4 in Long Blades
   340 | D:1      | Reached XP level 2. HP: 25/25 MP: 1/1
   644 | D:2      | Reached XP level 3. HP: 31/31 MP: 2/2
   682 | D:2      | Reached skill level 5 in Long Blades
  1570 | D:2      | Reached XP level 4. HP: 38/38 MP: 3/3
  1572 | D:2      | Found a blossoming altar of Fedhas.
  2820 | D:4      | Reached skill level 6 in Long Blades
  2825 | D:4      | Reached XP level 5. HP: 45/46 MP: 4/4
  3044 | D:4      | Reached skill level 7 in Long Blades
  3074 | D:4      | Reached XP level 6. HP: 54/55 MP: 5/5
  3354 | D:4      | Reached skill level 5 in Fighting
  3377 | D:4      | Found Esto's Assorted Antiques.
  3412 | D:4      | Bought a scroll labeled NUDGHA CAMEDUS for 26 gold pieces
  3412 | D:4      | Bought a notched peridot ring for 130 gold pieces
  3412 | D:4      | Bought a scroll labeled BORUPE ONURIA for 26 gold pieces
  3466 | D:5      | Entered Level 5 of the Dungeon
  3518 | D:5      | Reached skill level 8 in Long Blades
  3522 | D:5      | Found Atixas Kiawe's Book Boutique.
  3549 | D:5      | Found Lohyin's Antique Armour Emporium.
  3610 | D:5      | Reached XP level 7. HP: 55/61 MP: 6/6
  3663 | D:5      | Found a glowing golden altar of the Shining One.
  3700 | D:5      | Found Epainat's Weapon Boutique.
  3706 | D:5      | Reached skill level 9 in Long Blades
  3863 | D:5      | Found Esomom's Antique Weapon Shoppe.
  3977 | D:5      | Found Ellilarghun's General Store.
  4024 | D:6      | Noticed Menkaure
  4032 | D:6      | Killed Menkaure
  4032 | D:6      | Reached XP level 8. HP: 37/71 MP: 7/7
  4110 | D:6      | Reached skill level 10 in Long Blades
  4348 | D:6      | Noticed Grinder
  4354 | D:6      | Killed Grinder
  4742 | D:6      | Found a staircase to the Ecumenical Temple.
  4753 | Temple   | Entered the Ecumenical Temple
  4848 | Temple   | Became a worshipper of Warmaster Okawaru
  4899 | D:7      | Reached skill level 11 in Long Blades
  5188 | D:7      | Noticed Prince Ribbit
  5375 | D:7      | Killed Prince Ribbit
  5375 | D:7      | Reached * piety under Okawaru
  5375 | D:7      | Reached XP level 9. HP: 82/82 MP: 8/8
  5459 | D:7      | Reached skill level 12 in Long Blades
  5626 | D:7      | Reached ** piety under Okawaru
  6387 | D:9      | Reached skill level 13 in Long Blades
  6547 | D:9      | Noticed Gastronok
  6849 | D:9      | Killed Gastronok
  6849 | D:9      | Reached *** piety under Okawaru
  6849 | D:9      | Reached **** piety under Okawaru
  6849 | D:9      | Reached skill level 10 in Fighting
  6849 | D:9      | Reached skill level 14 in Long Blades
  6849 | D:9      | Reached XP level 10. HP: 42/94 MP: 9/9
  7113 | D:9      | Noticed a two-headed ogre
  7118 | D:9      | Killed a two-headed ogre
  7118 | D:9      | Received a gift from Okawaru
  7254 | D:9      | Found a staircase to the Orcish Mines.
  7280 | D:9      | Reached skill level 15 in Long Blades
  7983 | D:10     | Entered Level 10 of the Dungeon
  7983 | D:10     | Found Udet's Gadget Boutique.
  7983 | D:10     | Noticed Grum
  7987 | D:10     | Noticed a two-headed ogre
  8649 | D:10     | Found a staircase to the Lair.
  8688 | D:10     | HP: 2/96 [killer bee (6)]
  8984 | D:10     | Reached ***** piety under Okawaru
  8996 | D:10     | Killed Grum
  9012 | D:10     | Killed a two-headed ogre
  9012 | D:10     | Reached skill level 16 in Long Blades
  9012 | D:10     | Reached XP level 11. HP: 34/104 MP: 5/10
  9530 | D:10     | Noticed Nergalle
  9539 | D:10     | Killed Nergalle
 10528 | D:11     | Noticed a green ugly thing
 10530 | D:11     | Noticed a death knight
 10590 | D:10     | Killed a green ugly thing
 10590 | D:10     | Received a gift from Okawaru
 11066 | D:11     | Reached skill level 17 in Long Blades
 11360 | D:11     | Noticed a brown ugly thing
 11364 | D:11     | Noticed a purple ugly thing
 11376 | D:11     | Killed a brown ugly thing
 11379 | D:11     | Noticed a brown ugly thing
 11383 | D:11     | Killed a brown ugly thing
 11699 | D:11     | Killed a brown ugly thing
 11924 | D:11     | Noticed an ogre mage
 11952 | D:11     | Killed an ogre mage
 11952 | D:11     | Received a gift from Okawaru
 12315 | D:11     | Killed a death knight
 12315 | D:11     | Reached ****** piety under Okawaru
 12315 | D:11     | Reached skill level 1 in Invocations
 12693 | D:11     | Reached XP level 12. HP: 81/115 MP: 12/12
 13016 | Lair:1   | Entered Level 1 of the Lair of Beasts
 13125 | Lair:1   | Reached skill level 18 in Long Blades
 13283 | Lair:1   | Received a gift from Okawaru
 14118 | Lair:2   | Received a gift from Okawaru
 14121 | Lair:2   | Got a pair of steaming gloves {god gift}
 14127 | Lair:2   | Identified the -4 pair of gloves of the Dice {rN+ Int+3
                  | Dex-3} (Okawaru gifted it to you on level 2 of the Lair of
                  | Beasts)
 14191 | Lair:2   | Noticed an eight-headed hydra
 14235 | Lair:2   | Slain by an eight-headed hydra

Vault maps used:
D:1:      wheals_arrival_shading, minmay_split_cup_small
D:2:      fedhas_altar_2, minmay_quantized
D:3:      first_ration
D:4:      minmay_door_path, serial_shops, nicolae_shop_waterfront,
          chequers_serial_rivers_room_a, minmay_misc_feat_pillars
D:5:      serial_shops, kennysheep_mini_moat, shop, shop_fountains, shop,
          nicolae_shop_window_shopping, nicolae_tso_besieged_by_evil
D:6:      minmay_temple_entry_antechambers, nicolae_lava_and_water,
          uniq_menkaure, uniq_grinder
D:7:      uniq_prince_ribbit1
D:9:      david_orc_3, hangedman_little_slice_of_home, item_on_display_a,
          uniq_gastronok
D:10:     due_lair_maze_entry_diamond, serial_shops, shop,
          minmay_misc_feat_more_columns, minmay_microvault, uniq_nergalle,
          uniq_grum
D:11:     giant_chief_lemuel, billiards_dpeg
Temple:   grunt_wide_crystal_templ
Lair:1:   chequers_serial_rivers_micro_e, grunt_megastairs_3
Lair:2:   grunt_forest_stairs_basic
Lair:3:   minmay_shoals_entry_beasts, gammafunk_ghost_arena,
          serial_bayou_lagoon_a

Skill      XL: |  1  2  3  4  5  6  7  8  9 10 11 12 |
---------------+-------------------------------------+-----
Long Blades    | 4 5 6 7 8 9 11 14 16 17 18 | 18.4
Fighting       | 3 4 5 6 8 10 11 13 | 13.6
Invocations    | 1 3 |  3.5
Throwing       | |  2.0
Dodging        | |  3.2

Action                   |  1- 3 |  4- 6 |  7- 9 | 10-12 || total
-------------------------+-------+-------+-------+-------++-------
Melee: Long sword        |    55 |   131 |   284 |   472 ||   942
       Headbutt          |     8 |    21 |    80 |   121 ||   230
  Use: Potion            |     4 |       |     3 |     8 ||    15
       Scroll            |       |    13 |       |    10 ||    23
 Stab: Invisible         |     2 |       |       |     3 ||     5
  Eat: Chunk             |     2 |     7 |     9 |    17 ||    35
       Ration            |       |       |       |     2 ||     2
Armor: Leather armour    |     8 |    12 |       |       ||    20
       Skin              |     8 |       |       |       ||     8
       Plate armour      |       |    61 |   163 |   213 ||   437
Dodge: Dodged            |    47 |    56 |    89 |   144 ||   336
       Rpst.: Long sword |    15 |    13 |    20 |    42 ||    90

Table legend:
 A = Non-vault XP
 B = Vault XP
 C = Vault XP percentage of total XP
 D = Non-vault monster count
 E = Vault monster count
 F = Vault count percentage of total count
                 A         B        C        D         E       F
            +---------+---------+-------+---------+---------+-------
      Total |   16162 |   11192 |  40.9 |     230 |      75 |  24.6
            +---------+---------+-------+---------+---------+-------
        D:1 |      25 |       4 |  13.8 |      14 |       3 |  17.6
        D:2 |      58 |      27 |  31.8 |      17 |       6 |  26.1
        D:3 |      61 |       0 |   0.0 |      18 |       0 |   0.0
        D:4 |     404 |       2 |   0.5 |      15 |       1 |   6.2
        D:5 |     712 |      53 |   6.9 |      23 |       8 |  25.8
        D:6 |     470 |     461 |  49.5 |      21 |       2 |   8.7
        D:7 |    1219 |     277 |  18.5 |      22 |       1 |   4.3
        D:8 |     405 |       0 |   0.0 |      11 |       0 |   0.0
        D:9 |    2526 |    3082 |  55.0 |      28 |      20 |  41.7
       D:10 |    2568 |    2315 |  47.4 |      19 |      13 |  40.6
       D:11 |    3193 |    4055 |  55.9 |      17 |      13 |  43.3
     Lair:1 |    3286 |     916 |  21.8 |      17 |       8 |  32.0
     Lair:2 |     428 |       0 |   0.0 |       3 |       0 |   0.0
     Lair:3 |     807 |       0 |   0.0 |       5 |       0 |   0.0
            +---------+---------+-------+---------+---------+-------
